 Dungeon Crawl Stone Soup version 0.20.1-1-g8b1a95d (webtiles) character file.

4958 Nidhoragg the Basher (level 10, -4/88 HPs)
             Began as a Minotaur Fighter on Oct 22, 2017.
             Was a High Priest of Okawaru.
             Slain by Grum
             ... wielding a +1 halberd of freezing
              (13 damage)
             ... on level 8 of the Dungeon.
             The game lasted 00:24:50 (7024 turns).

Nidhoragg the Basher (Minotaur Fighter)             Turns: 7024, Time: 00:24:50

Health: -4/88      AC: 13    Str: 24    XL:     10   Next: 28%
Magic:  9/9        EV: 10    Int:  5    God:    Okawaru [*****.]
Gold:   369        SH:  0    Dex: 10    Spells: 9/9 levels left

rFire    + . .     SeeInvis .   v - +2 dire flail (drain)
rCold    . . .     Gourm    .   (shield currently unavailable)
rNeg     . . .     Faith    +   i - +2 ring mail {rF+}
rPois    .         Spirit   .   (helmet restricted)
rElec    .         Reflect  .   w - +0 cloak
rCorr    .         Harm     .   (no gloves)
MR       .....                  o - +1 pair of boots
Stlth    ..........             B - amulet of faith
Regen    0.3/turn               (no ring)
MPRegen  0.2/turn               (no ring)

@: no status effects
A: retaliatory headbutt, horns 2
a: Heroism, Finesse, Renounce Religion


You were on level 8 of the Dungeon.
You worshipped Okawaru.
Okawaru was extremely pleased with you.
You were hungry.

You visited 2 branches of the dungeon, and saw 9 of its levels.

You collected 369 gold pieces.

Inventory:

Hand Weapons
 a - a +0 flail
 p - a +2 spear of venom
 r - a +0 battleaxe
 v - a +2 dire flail of draining (weapon)
Armour
 b - a +1 scale mail
 c - a +0 shield
 i - a +2 ring mail of fire resistance (worn)
 o - a +1 pair of boots (worn)
 w - a +0 cloak (worn)
Jewellery
 B - an amulet of faith (around neck)
Wands
 y - a wand of lightning (7/15)
Scrolls
 m - 2 scrolls of magic mapping
 u - 4 scrolls of identify
 x - 2 scrolls of teleportation
 A - 2 scrolls of blinking
 D - 3 scrolls of remove curse
 H - a scroll of silence
Potions
 d - 2 potions of might
 e - 6 potions of heal wounds
 j - a potion of brilliance {unknown}
 k - 5 potions of lignification
 l - 2 potions of invisibility {unknown}
 n - 2 potions of curing {unknown}
 q - a potion of resistance {unknown}
 s - 3 potions of haste
 z - a potion of flight {unknown}
 C - 2 potions of agility {unknown}
 F - a potion of mutation {unknown}
 G - a potion of ambrosia {unknown}
Books
 E - a book of Necromancy

   Spells                             Type                      Level
   a - Pain                           Necromancy                   1
   b - Animate Skeleton               Necromancy                   1
   c - Vampiric Draining              Necromancy                   3
   d - Regeneration                   Charms/Necromancy            3
   e - Animate Dead                   Necromancy                   4
   f - Control Undead                 Necromancy                   4
Comestibles
 f - a bread ration
 g - 9 fruits
 h - 6 meat rations
 t - a royal jelly


   Skills:
 + Level 8.1 Fighting
 + Level 5.7(9.8) Axes
 + Level 11.8(12.3) Maces & Flails
 - Level 2.6(4.5) Polearms
 * Level 9.5 Armour
 - Level 4.7 Shields
 + Level 2.1 Unarmed Combat


You had 9 spell levels left.
You didn't know any spells.

Dungeon Overview and Level Annotations

Branches:
Dungeon (8/15)             Temple (1/1) D:7
   Lair: D:8-11

Altars:
Ashenzari
Cheibriados
Dithmenos
Elyvilon
Fedhas
Gozag
Hepliaklqana
Kikubaaqudgha
Makhleb
Nemelex Xobeh
Okawaru
Qazlal
Ru
Sif Muna
Trog
Uskayaw
Vehumet
Xom
Yredelemnul
Zin
The Shining One

Shops:
D:7 [

Annotations:
D:8 Grum


Innate Abilities, Weirdness & Mutations

You reflexively headbutt those who attack you in melee.
You have a pair of horns on your head.


Message History

You sock the sky beast!
You kill the sky beast!
Okawaru accepts your kill.
You can now speed up your combat.
Okawaru will gift you equipment as your piety grows.
You hit the ogre. You drain the ogre!
The ogre is heavily wounded.
You puncture the ogre!
You kill the ogre!
Okawaru accepts your kill.
Grum hits you with a halberd of freezing!!
* * * LOW HITPOINT WARNING * * *
Grum freezes you!
* * * LOW HITPOINT WARNING * * *
Items here: ) ††† a giant club; an ogre corpse; a sky beast corpse; a wolf corpse You hit Grum but do no damage.
You hit Grum. Your headbutt misses Grum.
Grum is lightly wounded.
Grum hits you with a halberd of freezing!
You die...

#.# ##.#........# .
#.# #.#........## ...
#.# ###.##.#.......
....######.#
#........).....
........g.g###
#..............
.......O.Y.Y.#
#..............
....##.#####.#
#.......†...... .# #.
#.####.......#......
gh
#hg@.........#......
..O
#######...##.##..###
....
#######...##.##.####
#....
.....................<
#.... ..##
#..####.##.#### ....
##(.# #.##.# ..(..
#..## ##....#
.....##(.# #(..###
.......(h# #.#)#


You could see Grum and a wolf.

Vanquished Creatures
  Erica (D:8)
  A two-headed ogre (D:8)
  Psyche (D:8)
  Prince Ribbit (D:5)
  Menkaure (D:5)
  A water moccasin (D:8)
  2 orc warriors (D:7)
  A phantom (D:7)
  2 sky beasts
  A black bear (D:7)
  2 ice beasts
  A necrophage (D:7)
  2 wolves (D:8)
  An ogre (D:8)
  3 centaurs (D:8)
  3 elf zombies (D:7)
  Blork the orc (D:5)
  A bullfrog (D:7)
  A scorpion (D:5)
  A water moccasin skeleton (D:7)
  The ghost of letownia the Grave Robber, a weakling DDNe (D:4)
  A crimson imp (D:7)
  2 jellies (D:6)
  5 hounds
  9 orc wizards
  A bullfrog zombie (D:7)
  4 human zombies (D:7)
  An orc priest (D:7)
  A human skeleton (D:7)
  4 iguanas
  3 worker ants
  An ogre zombie (D:7)
  A mummy (D:7)
  11 gnolls
  9 adders
  An ooze (D:1)
  2 worms
  A dart slug (D:2)
  5 leopard geckos
  21 orcs
  10 bats
  3 giant cockroaches
  4 goblins
  8 hobgoblins
  11 jackals
  11 kobolds
  4 quokkas
  2 ball pythons
  5 frilled lizards
  An orc zombie (D:7)
  6 rats
177 creatures vanquished.

Notes
Turn   | Place    | Note
-------+----------+-------------------------------------------
     0 | D:1      | Nidhoragg the Minotaur Fighter began the quest for the Orb.
     0 | D:1      | Reached XP level 1. HP: 19/19 MP: 0/0
   238 | D:1      | Reached XP level 2. HP: 27/27 MP: 1/1
  1038 | D:2      | Reached XP level 3. HP: 31/33 MP: 2/2
  1159 | D:2      | Reached skill level 3 in Maces & Flails
  1357 | D:2      | Found a deep blue altar of Sif Muna.
  1437 | D:2      | Found a glowing silver altar of Zin.
  1942 | D:3      | Reached XP level 4. HP: 40/40 MP: 3/3
  2115 | D:3      | Reached skill level 1 in Unarmed Combat
  2341 | D:3      | Found an opulent altar of Gozag.
  2502 | D:3      | Reached skill level 5 in Armour
  2562 | D:3      | Reached XP level 5. HP: 38/46 MP: 4/4
  2873 | D:3      | Reached skill level 1 in Axes
  2903 | D:3      | Found a basalt altar of Yredelemnul.
  2992 | D:3      | Found a sacrificial altar of Ru.
  3082 | D:4      | Found a radiant altar of Vehumet.
  3212 | D:4      | Reached XP level 6. HP: 49/52 MP: 5/5
  3418 | D:4      | Noticed letownia's ghost (weakling DDNe)
  3429 | D:4      | Killed letownia's ghost
  4392 | D:4      | Reached skill level 1 in Polearms
  4392 | D:4      | Reached XP level 7. HP: 55/60 MP: 6/6
  4515 | D:5      | Entered Level 5 of the Dungeon
  4515 | D:5      | Noticed Blork the orc
  4523 | D:5      | Killed Blork the orc
  4593 | D:5      | Found a shadowy altar of Dithmenos.
  4603 | D:5      | Noticed Prince Ribbit
  4613 | D:5      | Reached skill level 5 in Fighting
  4630 | D:5      | Killed Prince Ribbit
  4630 | D:5      | Reached skill level 5 in Axes
  4630 | D:5      | Reached skill level 4 in Maces & Flails
  4764 | D:5      | Noticed Menkaure
  4770 | D:5      | Killed Menkaure
  4770 | D:5      | Reached XP level 8. HP: 65/68 MP: 7/7
  4914 | D:5      | Found a white marble altar of Elyvilon.
  5070 | D:6      | Found a bloodstained altar of Trog.
  5620 | D:6      | Reached skill level 5 in Maces & Flails
  5846 | D:7      | Found a staircase to the Ecumenical Temple.
  5904 | Temple   | Entered the Ecumenical Temple
  5951 | Temple   | Became a worshipper of Warmaster Okawaru
  6019 | D:7      | Reached skill level 6 in Maces & Flails
  6122 | D:7      | Found Reucay's Antique Armour Shoppe.
  6128 | D:7      | Reached skill level 7 in Maces & Flails
  6172 | D:7      | Reached * piety under Okawaru
  6391 | D:7      | Reached XP level 9. HP: 70/78 MP: 8/8
  6479 | D:7      | Reached skill level 8 in Maces & Flails
  6578 | D:7      | Found an ancient bone altar of Kikubaaqudgha.
  6608 | D:7      | Reached ** piety under Okawaru
  6608 | D:7      | Reached skill level 9 in Maces & Flails
  6680 | D:8      | Noticed Erica
  6686 | D:8      | Killed Erica
  6686 | D:8      | Reached skill level 10 in Maces & Flails
  6695 | D:8      | Reached *** piety under Okawaru
  6837 | D:8      | Found a stormy altar of Qazlal.
  6895 | D:8      | Noticed a two-headed ogre
  6922 | D:8      | Killed a two-headed ogre
  6922 | D:8      | Reached **** piety under Okawaru
  6922 | D:8      | Reached skill level 11 in Maces & Flails
  6922 | D:8      | Reached XP level 10. HP: 68/88 MP: 6/9
  6950 | D:8      | Noticed Psyche
  6955 | D:8      | Killed Psyche
  6995 | D:8      | Noticed Grum
  7019 | D:8      | Reached ***** piety under Okawaru
  7024 | D:8      | Slain by Grum

Skill      XL: |  1  2  3  4  5  6  7  8  9 10 |
---------------+-------------------------------+-----
Armour         | 4 5 7 8 9 |  9.5
Shields        | 4 |  4.7
Maces & Flails | 3 4 7 11 | 11.8
Fighting       | 4 5 6 7 8 |  8.1
Unarmed Combat | 1 2 |  2.1
Axes           | 2 4 5 |  5.7
Polearms       | 1 2 |  2.6

Action                   |  1- 3 |  4- 6 |  7- 9 | 10-12 || total
-------------------------+-------+-------+-------+-------++-------
Melee: Flail             |   121 |    59 |       |       ||   180
       Headbutt          |    11 |    30 |    34 |     4 ||    79
       Battleaxe         |       |    82 |       |       ||    82
       Spear             |       |    19 |    13 |       ||    32
       Punch             |       |     1 |       |       ||     1
       Dire flail        |       |       |   182 |    31 ||   213
Invok: Heroism           |       |       |     1 |       ||     1
  Use: Scroll            |    10 |     4 |     2 |       ||    16
  Eat: Chunk             |     3 |     5 |     7 |       ||    15
       Bread ration      |       |     1 |       |       ||     1
Armor: Scale mail        |     5 |       |       |       ||     5
       Ring mail         |    70 |    88 |    68 |     6 ||   232
Dodge: Dodged            |    51 |    73 |    76 |    16 ||   216
Block: Shield            |    80 |    41 |       |       ||   121
